 Dungeon Crawl Stone Soup version 0.25-a0-890-g62861fb (webtiles) character file.

Game seed: 4181612257084295849, levelgen mode: deterministic

544 BlueFish the Ruffian (level 7, 0/46 HPs)
             Began as an Octopode Warper on May 10, 2020.
             Slain by an ice beast (11 damage)
             ... on level 5 of the Dungeon.
             The game lasted 00:15:08 (4560 turns).

BlueFish the Ruffian (Octopode Warper)              Turns: 4560, Time: 00:15:09

Health: 0/46       AC:  1    Str: 12    XL:     7   Next: 27%
Magic:  9/10       EV: 14    Int: 16    God:
Gold:   274        SH:  0    Dex: 11    Spells: 3/10 levels left

rFire    . . .     SeeInvis .     - Unarmed
rCold    . . .     Gourm    .   (no shield)
rNeg     . . .     Faith    .   (helmet restricted)
rPois    +         Spirit   .   (no amulet)
rElec    .         Reflect  .   j - ring of poison resistance
rCorr    .         Harm     .   (no ring)
MR       .....                  (no ring)
Stlth    +++.......             (no ring)
HPRegen  0.15/turn              (no ring)
MPRegen  0.12/turn              (no ring)
                                (no ring)
                                (no ring)

@: shrouded
A: almost no armour, stealthy swim, amphibious, 8 rings, constrict 8, camouflage
1, gelatinous body 1
a: no special abilities


You were on level 5 of the Dungeon.
You were not hungry.

You visited 1 branch of the dungeon, and saw 5 of its levels.

You collected 274 gold pieces.

Inventory:

Missiles
 c - 5 boomerangs of dispersal
 h - 27 poisoned darts
 o - 7 boomerangs (quivered)
 p - 2 silver javelins
Jewellery
 j - a ring of poison resistance (left tentacle)
Wands
 a - a wand of random effects (16)
 l - a wand of disintegration (22)
Scrolls
 b - 3 scrolls of blinking
 k - 3 scrolls of fog
 m - 2 scrolls of teleportation
 u - a scroll of enchant weapon
Potions
 e - a potion of cancellation
 f - a potion of might {unknown}
 g - a potion of invisibility
 i - a potion of experience {unknown}
 n - 2 potions of mutation {unknown}
 q - 3 potions of flight
 r - a potion of haste {unknown}
 t - a potion of curing
Comestibles
 d - 9 rations
 s - a chunk of flesh


   Skills:
 * Level 3.3 Fighting
 * Level 3.6 Throwing
 * Level 3.5 Dodging
 * Level 3.1 Stealth
 * Level 3.8 Unarmed Combat
 + Level 2.4 Spellcasting
 + Level 1.3 Charms
 * Level 3.6 Translocations


You had 3 spell levels left.
You knew the following spells:

 Your Spells              Type           Power        Failure   Level  Hunger
a - Shroud of Golubria    Chrm/Tloc      #.....       11%         2    ###....
b - Blink                 Tloc           N/A          7%          2    ###....
c - Teleport Other        Tloc           ##......     14%         3    ###....

Your spell library contained the following spells:

 Spells                   Type           Power        Failure   Level  Hunger
 Gell's Gravitas          Tloc           ##........   14%         3    ###....
 Lesser Beckoning         Tloc           ##........   14%         3    ###....
 Passage of Golubria      Tloc           N/A          41%         4    #####..


Dungeon Overview and Level Annotations

Branches:
Dungeon (5/15)
 Temple: D:4-7

Altars:
Ashenzari
Nemelex Xobeh
Okawaru

Shops:
D:5 *

Annotations:
D:4 1 runed translucent door, vertexvortex's ghost, novice GnSk


Innate Abilities, Weirdness & Mutations

You cannot wear most types of armour.
You are very stealthy in the water. (Stealth+)
You are amphibious.
You can wear up to eight rings at the same time.
You can use your tentacles to constrict eight enemies at once.
Your skin changes colour to match your surroundings (Stealth+).
Your rubbery body absorbs attacks. (AC +1, EV +1)


Message History

The ice beast is lightly wounded.
The ice beast hits you. The ice beast freezes you!
You tentacle-slap the ice beast but do no damage.
The ice beast is lightly wounded.
Your shroud bends the ice beast's attack away.
You tentacle-slap the ice beast.
The ice beast is lightly wounded.
The ice beast hits you. The ice beast freezes you!
You closely miss the ice beast.
The ice beast is lightly wounded.
The ice beast closely misses you.
You tentacle-slap the ice beast but do no damage.
The ice beast is lightly wounded.
The ice beast hits you but does no damage.
You closely miss the ice beast. You squeeze the ice beast.
The ice beast is moderately wounded.
The ice beast hits you.
* * * LOW HITPOINT WARNING * * *
The ice beast freezes you!
You die...

#.... #....# #
#..# #....# #.
#....# . #....#
#....# . #....#
...###....##
...........###
.......@.....#
..##..Y........#
###..........
##.........
##......##
##...### ..##
..#


You could see an ice beast.

Vanquished Creatures
  A crimson imp (D:5)
  3 hounds (D:4)
  An orc priest (D:3)
  A bullfrog skeleton (D:5)
  2 orc wizards
  A worker ant (D:4)
  Terence (D:3)
  4 gnolls (D:5)
  10 adders
  An adder skeleton (D:4)
  A worm (D:3)
  3 dart slugs
  2 leopard geckos
  19 orcs
  A ball python (D:1)
  8 giant cockroaches
  7 goblins
  7 hobgoblins
  9 jackals
  10 kobolds
  10 bats
  11 frilled lizards
  A quokka skeleton (D:4)
  4 rats
118 creatures vanquished.

Notes
Turn   | Place    | Note
-------+----------+-------------------------------------------
     0 | D:1      | BlueFish the Octopode Warper began the quest for the Orb.
     0 | D:1      | Reached XP level 1. HP: 14/14 MP: 3/3
   154 | D:1      | Reached XP level 2. HP: 13/19 MP: 5/5
   166 | D:1      | Learned a level 2 spell: Shroud of Golubria
   169 | D:1      | Learned a level 2 spell: Blink
   697 | D:1      | Reached XP level 3. HP: 24/24 MP: 4/6
   809 | D:2      | Reached skill level 1 in Stealth
  1466 | D:2      | Reached XP level 4. HP: 29/29 MP: 4/7
  1471 | D:2      | Learned a level 3 spell: Teleport Other
  1489 | D:2      | Found a shattered altar of Ashenzari.
  2249 | D:3      | Reached XP level 5. HP: 35/35 MP: 5/8
  2532 | D:3      | Reached skill level 1 in Charms
  2714 | D:3      | Noticed Terence
  2730 | D:3      | Killed Terence
  3020 | D:3      | Reached XP level 6. HP: 22/41 MP: 6/9
  3267 | D:4      | Found a sparkling altar of Nemelex Xobeh.
  3609 | D:4      | Noticed vertexvortex's ghost (novice GnSk)
  3611 | D:4      | Found a runed translucent door.
  3674 | D:4      | Found an iron altar of Okawaru.
  3889 | D:5      | Entered Level 5 of the Dungeon
  3899 | D:5      | Reached XP level 7. HP: 46/46 MP: 10/10
  4372 | D:5      | Found Qeisar's Elemental Accessories.
  4560 | D:5      | Slain by an ice beast

Levels and vault maps discovered:
D:1:      matt_arrival_spirals, layout_rooms
D:2:      layout_loops_corners, nicolae_ashenzari_panopticon
D:3:      layout_rooms, first_ration, uniq_terence
D:4:      layout_loops_ring, lemuel_crystal_altar, okawaru_trees_1,
          hellmonk_ghost_happy_afterlife
D:5:      layout_layer_cave, lemuel_round_altar, nicolae_ossuary_entry_giza,
          nicolae_elemental_shop, minmay_crossroads

Skill      XL: |  1  2  3  4  5  6  7 |
---------------+----------------------+-----
Stealth        | 1 2 3 |  3.1
Throwing       | 2 3 |  3.6
Unarmed Combat | 3 |  3.8
Charms         | 1 |  1.3
Dodging        | 3 |  3.5
Fighting       | 3 |  3.3
Spellcasting   | |  2.4
Translocations | |  3.6

Action                   |  1- 3 |  4- 6 |  7- 9 || total
-------------------------+-------+-------+-------++-------
Melee: Unarmed           |    76 |   130 |    33 ||   239
       Constrict         |    20 |    41 |     9 ||    70
       Tentacles         |    11 |    23 |     7 ||    41
       Punch             |       |     3 |     4 ||     7
Throw: Dart              |    35 |    59 |    14 ||   108
       Boomerang         |       |     5 |     8 ||    13
       Javelin           |       |     1 |     1 ||     2
       Throwing net      |       |       |     1 ||     1
 Cast: Shroud of Golubri |    12 |    19 |     6 ||    37
  Use: Scroll            |     1 |     9 |       ||    10
 Stab: Sleeping          |     5 |     4 |     4 ||    13
  Eat: Chunk             |     3 |     8 |     3 ||    14
Armor: Skin              |    17 |    16 |     2 ||    35
Dodge: Dodged            |    58 |    96 |    11 ||   165

Table legend:
 A = Non-vault XP
 B = Vault XP
 C = Vault XP percentage of total XP
 D = Non-vault monster count
 E = Vault monster count
 F = Vault count percentage of total count
                 A         B        C        D         E       F
            +---------+---------+-------+---------+---------+-------
      Total |     746 |      32 |   4.1 |     117 |       1 |   0.8
            +---------+---------+-------+---------+---------+-------
        D:1 |      36 |       0 |   0.0 |      20 |       0 |   0.0
        D:2 |      55 |       0 |   0.0 |      25 |       0 |   0.0
        D:3 |     263 |      32 |  10.8 |      44 |       1 |   2.2
        D:4 |     185 |       0 |   0.0 |      12 |       0 |   0.0
        D:5 |     207 |       0 |   0.0 |      16 |       0 |   0.0
            +---------+---------+-------+---------+---------+-------
